 Dungeon Crawl Stone Soup version 0.20-a0-548-g4f8a798 (webtiles) character file.

20484 Rhoefr the Sharpshooter (level 13, -4/74 HPs)
             Began as a Kobold Berserker on Feb 1, 2017.
             Was a High Priest of Trog.
             Slain by an eight-headed hydra (10 damage)
             ... on level 3 of the Lair of Beasts.
             The game lasted 00:36:58 (11179 turns).

Rhoefr the Sharpshooter (Kobold Berserker)         Turns: 11179, Time: 00:36:59

Health: -4/74      AC:  9    Str: 16    XL:     13   Next: 12%
Magic:  13/13      EV: 21    Int:  8    God:    Trog [*****.]
Gold:   372        SH:  0    Dex: 22    Spells: 12/12 levels left

rFire    + . .     SeeInvis .   a - +2 dagger (chaos)
rCold    + . .     Gourm    .   B - +3 ring mail {rF+}
rNeg     . . .     Faith    .   (shield restricted)
rPois    .         Spirit   .   (no helmet)
rElec    .         Reflect  .   (no cloak)
rCorr    .         Harm     +   (no gloves)
MR       .....                  (no boots)
Stlth    +++++.....             L - amulet of harm
Regen    0.3/turn               y - ring of protection from cold
                                p - +4 ring of dexterity

@: exhausted, about to teleport, slowed, very slow
A: carnivore 3
a: Berserk, Trog's Hand, Brothers in Arms, Burn Spellbooks, Renounce Religion


You were on level 3 of the Lair of Beasts.
You worshipped Trog.
Trog was extremely pleased with you.
You were very full.

You visited 2 branches of the dungeon, and saw 13 of its levels.

You collected 781 gold pieces.
You spent 409 gold pieces at shops.

Inventory:

Hand Weapons
 a - a +2 dagger of chaos (weapon)
 b - a +4 triple crossbow of freezing
 z - a +0 short sword
 O - a +1 arbalest
Missiles
 d - 94 bolts
 w - 3 tomahawks of returning (quivered)
Armour
 s - the +1 robe of Fygeadgh {rF+ rC+ Str-3 Dex+2}
   (You bought it in a shop on level 7 of the Dungeon)

   It affects your strength (-3).
   It affects your dexterity (+2).
   It protects you from fire.
   It protects you from cold.
 B - a +3 ring mail of fire resistance (worn)
 G - a +0 animal skin
 N - the +2 ring mail "Jeuxuk" {Stlth+}
   (You bought it in a shop on level 8 of the Dungeon)

   It makes you more stealthy.
Jewellery
 j - an uncursed ring of resist corrosion
 p - a +4 ring of dexterity (left hand)
 v - an uncursed ring of flight
 y - a ring of protection from cold (right hand)
 D - a cursed amulet of inaccuracy {unknown}
 L - an amulet of harm (around neck)
Wands
 m - a wand of random effects (20/48)
 u - a wand of digging (19/24)
 C - a wand of confusion (17/48)
 E - a wand of enslavement (16/24)
 M - a wand of confusion (14/48)
 Q - a wand of polymorph (7/24)
Scrolls
 e - 3 scrolls of teleportation
 q - 7 scrolls of remove curse
 A - 3 scrolls of enchant weapon
 J - a scroll of recharging
Potions
 f - a potion of berserk rage
 g - 3 potions of haste {unknown}
 h - 3 potions of ambrosia
 i - 2 potions of curing {unknown}
 k - a potion of cure mutation {unknown}
 l - 2 potions of invisibility {unknown}
 o - 3 potions of lignification
 r - 4 potions of heal wounds {unknown}
 t - 2 potions of flight
 x - a potion of mutation {unknown}
 F - 2 potions of agility
 H - a potion of magic
 I - 2 potions of might
 P - 2 potions of brilliance {unknown}
Comestibles
 c - 9 meat rations
 n - 5 royal jellies


   Skills:
 - Level 5.8 Fighting
 - Level 8.2 Short Blades
 + Level 16.3 Crossbows
 - Level 6.6 Armour
 - Level 8.9 Dodging
 - Level 13.1 Stealth


You had 12 spell levels left.
You didn't know any spells.

Dungeon Overview and Level Annotations

Branches:
Dungeon (10/15)            Temple (0/1) D:7            Lair (3/6) D:8
  Snake (0/4) Lair:2
  Swamp: Lair:2-4    Shoals: Lair:2-4       Orc: D:9-12

Altars:
Fedhas
Gozag
Xom
Zin

Shops:
D:7 [   D:8 ::(**

Annotations:
D:8 1 runed door


Innate Abilities, Weirdness & Mutations

You are small and have problems with some larger weapons.
You are carnivorous and can eat meat at any time.


Message History

You puncture the eight-headed hydra! You burn the eight-headed hydra.
The eight-headed hydra is almost dead.
You are no longer berserk.
You are exhausted.
You feel yourself slow down.
The eight-headed hydra barely misses you.
The eight-headed hydra closely misses you.
The eight-headed hydra bites you!
* * * LOW HITPOINT WARNING * * *
The eight-headed hydra completely misses you. x2
The eight-headed hydra closely misses you.
The eight-headed hydra misses you. The eight-headed hydra bites you!
* * * LOW HITPOINT WARNING * * *
Okay, then.
As you read the scroll of teleportation, it crumbles to dust.
You feel strangely unstable. The wolf bites you but does no damage.
The wolf completely misses you.
The eight-headed hydra completely misses you.
The eight-headed hydra bites you!
You die...

## #.....####.##PP...## #..
.###.....#.#P.##P....P# #..
...............P.....### ###..
.......................##+###.#..
................................<
................(........).......
..†.......#.####(............<...
..##.....##..# #.................
.####....#P..# #@..........##.##.
...##...P##..##.Dh.....### ####..
...##....##..###.(.....# #.#P.#.%
...##...##....##(..(.....#.?.....
...##....##.####.(>(..(......P...
##.##...##### P........##......%
#.#.#...# P.......##...#....
......... .$.......#..#####.
......... ......#...##...


You could see an eight-headed hydra and a wolf.

Vanquished Creatures
  A hydra (Lair:2)
  Joseph (D:7)
  4 black mambas
  7 spiny frogs
  2 rime drakes
  3 komodo dragons
  A hornet (D:10)
  9 blink frogs
  2 hippogriffs (Lair:1)
  The ghost of murphy the Chiller, an amateur OpIE (D:4)
  9 yaks (Lair:2)
  A hog (Lair:1)
  2 wyverns (Lair:3)
  A golden eye (shapeshifter) (D:5)
  A steam dragon (D:5)
  3 basilisks
  Edmund (D:5)
  6 nagas (Lair:2)
  4 water moccasins
  8 porcupines
  3 ice beasts
  4 orc warriors
  6 ogres
  3 phantoms
  15 wolves
  3 centaurs
  8 crocodiles
  9 bullfrogs
  2 scorpions
  A wyvern skeleton (D:8)
  3 howler monkeys (D:7)
  5 crimson imps
  A bullfrog zombie (D:9)
  4 hounds
  A jelly (D:8)
  3 bullfrog skeletons
  3 orc priests
  2 iguanas
  7 orc wizards
  Terence (D:2)
  4 worker ants
  A hound zombie (D:3)
  A worker ant zombie (D:8)
  A howler monkey zombie (D:8)
  7 gnolls
  6 adders
  2 shadow imps (D:8)
  4 oozes
  2 adder skeletons
  A worm (D:2)
  3 dart slugs (D:1)
  6 leopard geckos
  25 orcs
  2 bats
  11 giant cockroaches
  7 hobgoblins
  13 jackals
  28 kobolds
  A quokka (shapeshifter) (D:5)
  3 quokkas
  2 ball pythons
  5 frilled lizards
  12 goblins
  A leopard gecko skeleton (D:4)
  A leopard gecko zombie (D:7)
  9 rats
  A fungus (Lair:3)
310 creatures vanquished.

Vanquished Creatures (others)
  2 fungi (Lair:2)
2 creatures vanquished.

Grand Total: 312 creatures vanquished

Notes
Turn   | Place    | Note
-------+----------+-------------------------------------------
     0 | D:1      | Rhoefr the Kobold Berserker began the quest for the Orb.
     0 | D:1      | Reached XP level 1. HP: 14/14 MP: 1/1
    71 | D:1      | Reached skill level 1 in Stealth
    95 | D:1      | Reached XP level 2. HP: 15/19 MP: 2/2
   231 | D:1      | Reached XP level 3. HP: 11/23 MP: 3/3
   443 | D:1      | You fall through a shaft!
   795 | D:1      | Reached skill level 5 in Short Blades
  1020 | D:2      | Reached XP level 4. HP: 28/28 MP: 4/4
  1021 | D:2      | Reached ** piety under Trog
  1315 | D:2      | Noticed Terence
  1316 | D:2      | Found an opulent altar of Gozag.
  1328 | D:2      | Killed Terence
  1410 | D:2      | Reached XP level 5. HP: 32/32 MP: 5/5
  1836 | D:3      | Reached skill level 5 in Stealth
  1901 | D:3      | Reached XP level 6. HP: 29/37 MP: 6/6
  2055 | D:3      | Found a blossoming altar of Fedhas.
  2254 | D:3      | Reached *** piety under Trog
  2354 | D:4      | Found a shimmering altar of Xom.
  2493 | D:4      | Noticed murphy's ghost (amateur OpIE)
  2721 | D:4      | Reached XP level 7. HP: 35/41 MP: 7/7
  2850 | D:4      | Killed murphy's ghost
  3372 | D:4      | Reached XP level 8. HP: 42/46 MP: 8/8
  3678 | D:5      | Entered Level 5 of the Dungeon
  3765 | D:5      | Noticed Edmund
  3767 | D:5      | Killed Edmund
  3767 | D:5      | Reached skill level 5 in Dodging
  3774 | D:5      | Reached **** piety under Trog
  4487 | D:5      | Reached XP level 9. HP: 53/53 MP: 9/9
  4667 | D:5      | Reached skill level 5 in Fighting
  5115 | D:6      | Reached skill level 10 in Stealth
  5430 | D:6      | Reached skill level 1 in Crossbows
  5657 | D:6      | Received a gift from Trog
  5657 | D:6      | Reached skill level 2 in Crossbows
  6060 | D:6      | Reached skill level 3 in Crossbows
  6268 | D:7      | Reached skill level 13 in Crossbows
  6268 | D:7      | Reached XP level 10. HP: 60/60 MP: 10/10
  6463 | D:7      | Noticed Joseph
  6470 | D:7      | Killed Joseph
  6470 | D:7      | Received a gift from Trog
  6470 | D:7      | Reached XP level 11. HP: 61/64 MP: 11/11
  6485 | D:7      | Found Deemig's Antique Armour Shoppe.
  6506 | D:7      | Bought an ominously black robe for 148 gold pieces
  6516 | D:7      | Identified the +1 robe of Fygeadgh {rF+ rC+ Str-3 Dex+2} (You bought it in a shop on level 7 of the Dungeon)
  6598 | D:7      | You fall through a shaft for 3 floors!
  6598 | D:10     | Entered Level 10 of the Dungeon
  6853 | D:7      | Found a staircase to the Ecumenical Temple.
  6901 | D:8      | Received a gift from Trog
  6916 | D:8      | Found Poat's Weapon Shoppe.
  6935 | D:8      | Found a runed door.
  6937 | D:8      | Noticed a sixfirhy
  6953 | D:8      | Found Xiroc's Assorted Antiques.
  7140 | D:8      | Found Nyolef's Book Emporium.
  7220 | D:8      | Found Kungabe's Book Boutique.
  7321 | D:8      | Found a glowing silver altar of Zin.
  7361 | D:8      | Reached ***** piety under Trog
  7365 | D:8      | Found a staircase to the Lair.
  7485 | D:8      | Found Raiger's Assorted Antiques.
  7495 | D:8      | Bought a polished ring mail for 261 gold pieces
  7505 | D:8      | Identified the +2 ring mail "Jeuxuk" {Stlth+} (You bought it in a shop on level 8 of the Dungeon)
  7686 | Lair:1   | Entered Level 1 of the Lair of Beasts
  8692 | Lair:1   | Reached skill level 5 in Armour
  8733 | Lair:1   | Reached XP level 12. HP: 32/69 MP: 12/12
  9422 | Lair:2   | Found a staircase to the Snake Pit.
  9520 | Lair:2   | Received a gift from Trog
 10034 | Lair:2   | Reached skill level 14 in Crossbows
 10273 | Lair:2   | Noticed a seven-headed hydra
 10277 | Lair:2   | Killed a seven-headed hydra
 10436 | Lair:2   | Reached skill level 15 in Crossbows
 10951 | Lair:3   | Reached XP level 13. HP: 74/74 MP: 13/13
 11037 | Lair:3   | Reached skill level 16 in Crossbows
 11167 | Lair:3   | Noticed an eight-headed hydra
 11179 | Lair:3   | Slain by an eight-headed hydra

Vault maps used:
D:1:      dpeg_arrival_line_fractal
D:2:      minmay_roachtagon, nicolae_gozag_cash_rules_everything_around_me,
          uniq_terence
D:3:      fedhas_altar_2
D:4:      led_xom_imps
D:5:      kennysheep_kobold_camp, first_bread, minmay_misc_feat_rugged,
          uniq_edmund
D:7:      minmay_temple_entry_from_below_b, serial_shops, shop, grunt_ogre_cave,
          uniq_pikel, uniq_joseph
D:8:      cheibrodos_shockbox, marbit_many_paths, lair_entry_dummy,
          serial_shops, nicolae_shop_overgrown_old_shop, nicolae_shop_crystal,
          nicolae_shop_stone, shop, nicolae_shop_trees,
          kennysheep_generic_room_15
D:9:      chequers_temple_overflow_minitemple, orc_0_dummy
D:10:     nicolae_trove_entry_diagonal
Lair:1:   grunt_megastairs_4
Lair:2:   minmay_snake_entry_guardpost_large, beast_lair_carwin_9,
          grunt_megastairs_5
Lair:3:   gammafunk_lair_bear_cave, lemuel_fruit_tree

Skill      XL: |  1  2  3  4  5  6  7  8  9 10 11 12 13 |
---------------+----------------------------------------+-----
Stealth        | 1 2 3 4 5 6 7 9 10 11 12 13 | 13.1
Short Blades   | 5 6 7 8 |  8.2
Dodging        | 3 4 6 8 |  8.9
Fighting       | 4 5 |  5.8
Crossbows      | 13 15 16 | 16.3
Armour         | 5 6 |  6.6

Action                   |  1- 3 |  4- 6 |  7- 9 | 10-12 | 13-15 || total
-------------------------+-------+-------+-------+-------+-------++-------
Melee: Short sword       |    95 |   223 |   107 |       |       ||   425
       Dagger            |       |       |   343 |   184 |    11 ||   538
 Fire: Arbalest          |       |       |     5 |   173 |       ||   178
       Triple crossbow   |       |       |       |    69 |    23 ||    92
Invok: Berserk           |     2 |     4 |     8 |     6 |     1 ||    21
       Burn Spellbooks   |       |       |     2 |       |       ||     2
       Trog's Hand       |       |       |     1 |     2 |       ||     3
  Use: Scroll            |       |       |    15 |     3 |     1 ||    19
       Potion            |       |       |     1 |       |       ||     1
 Stab: Sleeping          |     3 |     7 |     8 |       |       ||    18
       Distracted        |       |       |     3 |     1 |       ||     4
       Confused          |       |       |     2 |     1 |       ||     3
       Petrifying        |       |       |     1 |     2 |       ||     3
       Paralysed         |       |       |     1 |       |       ||     1
  Eat: Chunk             |     9 |    11 |    19 |    19 |     3 ||    61
Armor: Animal skin       |    10 |    37 |     3 |       |       ||    50
       Ring mail         |       |       |    53 |    23 |     6 ||    82
Dodge: Dodged            |    50 |   166 |   206 |   180 |    35 ||   637
